 Dungeon Crawl Stone Soup version 0.31.0 (webtiles) character file.

Game seed: 13781140768017288073

1199 qw the Skirmisher (level 8, -7/50 HPs)
             Began as a Gargoyle Hunter on Jan 20, 2024.
             Engulfed by a steam dragon's steam (9 damage)
             ... on level 6 of the Dungeon.
             The game lasted 00:00:20 (4114 turns).

qw the Skirmisher (Gargoyle Hunter)                 Turns: 4114, Time: 00:00:20

Health: -7/50      AC: 10    Str: 15    XL:     8   Next: 44%
Magic:  8/8        EV: 11    Int: 10    God:
Gold:   490        SH:  0    Dex: 15    Spells: 7/7 levels left

rFire   . . .        a - +2 shortbow
rCold   + . .        (shield currently unavailable)
rNeg    + . .        d - +0 ring mail
rPois   inf          (no helmet)
rElec   +            (no cloak)
rCorr   .            (no gloves)
SInv    .            (no boots)
Will    .....        (no amulet)
Stlth   +            (no ring)
HPRegen 0.28/turn    (no ring)
MPRegen 0.11/turn

%: no passive effects
@: about to teleport
A: sickness immunity, AC +5, negative energy resistance 1, electricity
resistance, torment resistance 1, petrification resistance, cold resistance 1,
high MP 1
a: no special abilities


You were on level 6 of the Dungeon.
You visited 1 branch of the dungeon, and saw 6 of its levels.
You also visited: Sewer.

You collected 490 gold pieces.


Innate Abilities, Weirdness & Mutations

You are immune to sickness and miasma.
Your stone body is resilient. (AC +5)
You are immune to poison.
You resist negative energy. (rN+)
You are resistant to electric shocks. (rElec)
You are resistant to unholy torment.
You are immune to petrification.
Your flesh is cold resistant. (rC+)
You have an increased reservoir of magic. (+10% MP)


   Skills:
 + Level 5.5 Fighting
 - Level 9.2 Ranged Weapons
 - Level 1.0 Armour
 - Level 2.3 Dodging
 - Level 1.1 Stealth


You had 7 spell levels left.
You didn't know any spells.
Your spell library was empty.

Inventory:

Hand Weapons
 a - a +2 shortbow (weapon)
Armour
 d - a +0 ring mail (worn)
Jewellery
 j - a +5 ring of evasion
Wands
 c - a wand of light (4)
Scrolls
 b - a scroll of teleportation
Potions
 e - a potion of mutation
 f - a potion of enlightenment
 g - a potion of brilliance {unknown}
 h - a potion of resistance
 i - a potion of haste {unknown}
 k - a potion of curing

Dungeon Overview and Level Annotations

Branches:
Dungeon (6/15)              Sewer (visited)
 Temple: D:4-7

Altars:
Elyvilon
Yredelemnul

Shops:
D:5 :


Message History

You kill the water moccasin!
You are engulfed in a cloud of scalding steam.
The steam dragon bites you but does no damage.
The steam dragon claws you but does no damage.
Your Ranged Weapons skill increases to level 9!
You shoot an arrow.
The arrow barely misses the steam dragon.
The steam dragon breathes steam at you. The ball of steam hits you.
You hear a shout! x3
You shoot an arrow. The arrow hits the steam dragon!
The steam dragon is severely wounded.
You are engulfed in a cloud of scalding steam.
The steam dragon barely misses you. The steam dragon claws you.
A bullfrog comes into view.
You shoot an arrow. The bullfrog gives a loud, deep croak!
The arrow hits the steam dragon.
The steam dragon is almost dead.
You are engulfed in a cloud of scalding steam.
The steam dragon barely misses you. The steam dragon misses you.
4112 ||| READING 2 scrolls of teleportation.
As you read the scroll of teleportation, it crumbles to dust.
You feel strangely unstable.
You are engulfed in a cloud of scalding steam.
The bullfrog hits you but does no damage.
The steam dragon closely misses you. The steam dragon misses you.
The bullfrog barely misses you.
You shoot an arrow.
The arrow barely misses the steam dragon.
The steam dragon bites you but does no damage.
The steam dragon closely misses you. The bullfrog hits you.
An ufetubus comes into view.
The steam dragon breathes steam at you. The ball of steam misses you.
You hear an angry hiss.
You shoot an arrow.
The arrow barely misses the steam dragon.
You are engulfed in a cloud of scalding steam.
You die...

..............#
................#
................##
5..#.......##...#
##.#...###...>..#
.........#......#
#......##.....#
##.............#
#...D@.¤¤¤.....#
.....###F........#
.... #.....##..#
.$. #.........##
#.....).#.#
.......##
.#.....## ##....##
....(.


You could see a steam dragon, a bullfrog and an ufetubus.

Vanquished Creatures
  Edmund (D:5)
  A water moccasin (D:6)
  An ice beast (D:5)
  2 ogres (D:5)
  A crocodile (Sewer)
  2 phantoms (D:5)
  A brain worm (Sewer)
  3 iguanas
  Natasha (thrice) (D:3)
  Terence (D:3)
  8 adders
  7 gnolls (D:4)
  2 ufetubi (D:4)
  4 dart slugs
  3 ribbon worms
  9 orcs
  9 bats
  9 endoplasms
  5 giant cockroaches
  8 goblins
  5 hobgoblins
  3 quokkas
  5 ball pythons
  A frilled lizard (D:1)
  11 kobolds
  2 rats (D:1)
107 creatures vanquished.

Notes
Turn   | Place    | Note
-------+----------+-------------------------------------------
     0 | D:1      | qw the Gargoyle Hunter began the quest for the Orb.
     0 | D:1      | Reached XP level 1. HP: 12/12 MP: 1/1
     0 | D:1      | 0 ||| qw: Version: 0.3-a-132-g3d54051
     0 | D:1      | 0 ||| qw: Game counter: 553
     0 | D:1      | 0 ||| qw: Melee chars always use a shield: true
     0 | D:1      | 0 ||| qw: God list: Okawaru
     0 | D:1      | 0 ||| qw: Allow faded altars: false
     0 | D:1      | 0 ||| qw: Do Orc after clearing Dungeon:15 true
     0 | D:1      | 0 ||| qw: Do second Lair branch before Depths: true
     0 | D:1      | 0 ||| qw: Lair rune preference: random
     0 | D:1      | 0 ||| qw: Goals: Normal
     0 | D:1      | 0 ||| PLANNING D:1-11
   130 | D:1      | Reached XP level 2. HP: 17/17 MP: 2/2
   238 | D:1      | Reached XP level 3. HP: 21/21 MP: 3/3
   288 | D:1      | Reached skill level 5 in Ranged Weapons
   569 | D:1      | 569 ||| UPGRADING to +0 ring mail.
   579 | D:1      | 579 ||| DROPPING +0 leather armour.
   580 | D:1      | 580 ||| READING 2 scrolls labelled XIJITH UPASHA.
   581 | D:1      | 581 ||| READING scroll labelled QUXEULI TIETHO.
   581 | D:1      | 581 ||| ENCHANTING +0 shortbow.
   582 | D:1      | 582 ||| READING scroll labelled RYCKIH QEJU.
   583 | D:1      | 583 ||| READING scroll labelled XEDGHISKEULE.
   584 | D:1      | 584 ||| DRINKING 2 white potions.
   584 | D:1      | Gained mutation: You have an increased reservoir of magic.
                  | (+10% MP) [potion of mutation]
   584 | D:1      | Gained mutation: Your flesh is cold resistant. (rC+)
                  | [potion of mutation]
   585 | D:1      | 585 ||| DROPPING scroll of butterflies.
   586 | D:1      | 586 ||| DROPPING scroll of revelation.
   603 | D:2      | Reached skill level 1 in Armour
   687 | D:2      | 687 ||| READING scroll of enchant weapon.
   687 | D:2      | 687 ||| ENCHANTING +1 shortbow.
   762 | D:2      | Reached XP level 4. HP: 27/27 MP: 4/4
   798 | D:2      | Reached skill level 3 in Fighting
  1160 | D:2      | 1160 ||| READING scroll labelled SAGIUXTAOM.
  1161 | D:2      | 1161 ||| READING scroll labelled HATITATO JION.
  1161 | D:2      | 1161 ||| IDENTIFYING sapphire potion
  1162 | D:2      | 1162 ||| READING scroll labelled XOEVUI ZAFO.
  1163 | D:2      | 1163 ||| DROPPING potion of attraction.
  1196 | D:3      | Noticed Natasha
  1197 | D:3      | 1197 ||| PLANNING SEWER
  1201 | D:3      | Killed Natasha
  1245 | D:3      | Noticed Natasha
  1250 | D:3      | Killed Natasha
  1251 | D:3      | Reached XP level 5. HP: 23/32 MP: 5/5
  1251 | D:3      | 1251 ||| FLEEEEING.
  1292 | D:3      | Noticed Terence
  1302 | D:3      | Killed Terence
  1303 | D:3      | Reached skill level 6 in Ranged Weapons
  1330 | D:3      | Found a glowing drain.
  1330 | D:3      | Noticed Natasha
  1334 | D:3      | 1334 ||| RETREEEEATING.
  1335 | D:3      | 1335 ||| RETREEEEATING.
  1336 | D:3      | 1336 ||| RETREEEEATING.
  1345 | D:3      | Killed Natasha
  1350 | D:3      | 1350 ||| READING scroll labelled DAHOTA HUIVAI.
  1350 | D:3      | 1350 ||| ENCHANTING +2 shortbow.
  1364 | Sewer    | Entered a sewer
  1395 | Sewer    | Reached XP level 6. HP: 28/39 MP: 3/6
  1544 | D:3      | 1544 ||| PLANNING D:1-11
  2197 | D:3      | Found a faded altar of an unknown god.
  2340 | D:3      | 2340 ||| READING 2 scrolls of identify.
  2340 | D:3      | 2340 ||| IDENTIFYING emerald potion
  2341 | D:3      | 2341 ||| READING scroll of identify.
  2341 | D:3      | 2341 ||| IDENTIFYING viscous inky potion
  2342 | D:3      | 2342 ||| READING 2 scrolls labelled KIAGIOTOONT.
  2343 | D:3      | 2343 ||| DROPPING scroll of blinking.
  2344 | D:3      | 2344 ||| DROPPING potion of degeneration.
  2448 | D:4      | 2448 ||| FLEEEEING.
  2449 | D:4      | 2449 ||| FLEEEEING.
  2450 | D:4      | 2450 ||| FLEEEEING.
  2451 | D:4      | 2451 ||| FLEEEEING.
  2452 | D:4      | 2452 ||| FLEEEEING.
  2453 | D:4      | 2453 ||| FLEEEEING.
  2480 | D:4      | 2480 ||| FLEEEEING.
  2481 | D:4      | 2481 ||| FLEEEEING.
  2482 | D:4      | 2482 ||| FLEEEEING.
  2483 | D:4      | 2483 ||| FLEEEEING.
  2484 | D:4      | 2484 ||| FLEEEEING.
  2485 | D:4      | 2485 ||| FLEEEEING.
  2486 | D:4      | 2486 ||| FLEEEEING.
  2516 | D:4      | Identified the +3 sling of Lust {flame, rPois rN+ Str+2
                  | Dex-2}
  2518 | D:4      | 2518 ||| DROPPING +3 sling of Lust {flame, rPois rN+ Str+2
                  | Dex-2}.
  2552 | D:4      | Reached skill level 7 in Ranged Weapons
  2607 | D:4      | Reached XP level 7. HP: 44/44 MP: 7/7
  2844 | D:4      | 2844 ||| FLEEEEING.
  3110 | D:4      | 3110 ||| READING 2 scrolls labelled GAGYAR UHAUHAT.
  3111 | D:4      | 3111 ||| FLEEEEING.
  3114 | D:4      | 3114 ||| READING scroll labelled DUTU VYUFIYTUPN.
  3246 | D:5      | Entered Level 5 of the Dungeon
  3250 | D:5      | 3250 ||| STAIRDANCE
  3306 | D:5      | 3306 ||| FLEEEEING.
  3420 | D:5      | Reached skill level 8 in Ranged Weapons
  3420 | D:5      | 3420 ||| FLEEEEING.
  3429 | D:5      | 3429 ||| STAIRDANCE
  3470 | D:4      | 3470 ||| READING scroll labelled ZOTASI GYRRU.
  3471 | D:4      | 3471 ||| FLEEEEING.
  3481 | D:4      | 3481 ||| STAIRDANCE
  3545 | D:5      | Noticed Edmund
  3547 | D:5      | 3547 ||| ZAPPING wand of light (9) at 5,-3 (Edmund; floor).
  3548 | D:5      | 3548 ||| RETREEEEATING.
  3549 | D:5      | 3549 ||| RETREEEEATING.
  3550 | D:5      | 3550 ||| ZAPPING wand of light (8) at 2,-4 (Edmund; floor).
  3551 | D:5      | 3551 ||| ZAPPING wand of light (7) at 1,-3 (Edmund; floor).
  3552 | D:5      | 3552 ||| ZAPPING wand of light (6) at 0,-2 (Edmund; floor).
  3553 | D:5      | 3553 ||| ZAPPING wand of light (5) at 0,-2 (Edmund; floor).
  3553 | D:5      | Killed Edmund
  3558 | D:5      | Reached XP level 8. HP: 48/50 MP: 8/8
  3569 | D:5      | Found Vaph's Book Boutique.
  3788 | D:5      | Found a white marble altar of Elyvilon.
  3843 | D:5      | Found a basalt altar of Yredelemnul.
  3948 | D:5      | 3948 ||| READING 2 scrolls of identify.
  3948 | D:5      | 3948 ||| IDENTIFYING brown potion
  3949 | D:5      | 3949 ||| READING scroll of identify.
  3949 | D:5      | 3949 ||| IDENTIFYING fuming orange potion
  3950 | D:5      | 3950 ||| READING scroll labelled CATYME ITTEUW.
  3951 | D:5      | 3951 ||| FLEEEEING.
  4061 | D:5      | 4061 ||| DRINKING 2 gluggy clear potions.
  4062 | D:5      | 4062 ||| DROPPING potion of lignification.
  4109 | D:6      | Reached skill level 9 in Ranged Weapons
  4111 | D:6      | HP: 11/50 [steam dragon] (5)]
  4112 | D:6      | 4112 ||| READING 2 scrolls of teleportation.
  4113 | D:6      | HP: 2/50 [bullfrog (6)]
  4114 | D:6      | Engulfed by a steam dragon's steam

Levels and vault maps discovered:
D:1:      enne_arrival_octagon_isle, layout_basic, st_stairs_11
D:2:      layout_basic, chequers_jeans
D:3:      layout_basic, portal_sewer_entry_f, chequers_ecumenical_altar_lobes,
          corexii_shack, nicolae_figureground_pulse, uniq_natasha, uniq_terence
D:4:      layout_loops_cross, nicolae_underground_beach
D:5:      layout_rooms, kennysheep_ying_yang, serial_shops, shop, uniq_edmund
D:6:      layout_cave_pools, mainiacjoe_overflow_catwalk, temple_pool_b

Skill      XL: |  1  2  3  4  5  6  7  8 |
---------------+-------------------------+-----
Ranged Weapons | 5 6 7 8 9 |  9.2
Armour         | 1 |  1.0
Fighting       | 3 4 5 |  5.5
Dodging        | 2 |  2.3
Stealth        | |  1.1

Action                     |  1- 3 |  4- 6 |  7- 9 || total
---------------------------+-------+-------+-------++-------
   Fire: Shortbow          |    81 |   171 |   137 ||   389
  Evoke: Wand              |       |       |     5 ||     5
    Use: Scroll            |     5 |     7 |     7 ||    19
         Potion            |     1 |       |     1 ||     2
 Armour: Leather armour    |     2 |       |       ||     2
         Ring mail         |     6 |    36 |    60 ||   102
  Dodge: Dodged            |     7 |    19 |    52 ||    78

Table legend:
 A = Non-vault XP
 B = Vault XP
 C = Vault XP percentage of total XP
 D = Non-vault monster count
 E = Vault monster count
 F = Vault count percentage of total count
                 A         B        C        D         E       F
            +---------+---------+-------+---------+---------+-------
      Total |    1252 |     462 |  27.0 |      90 |      17 |  15.9
            +---------+---------+-------+---------+---------+-------
        D:1 |      34 |       9 |  20.9 |      21 |       3 |  12.5
        D:2 |      77 |       0 |   0.0 |      16 |       0 |   0.0
        D:3 |     122 |      74 |  37.8 |      15 |       6 |  28.6
        D:4 |     257 |       0 |   0.0 |      29 |       0 |   0.0
        D:5 |     608 |     173 |  22.2 |       7 |       1 |  12.5
        D:6 |     154 |       0 |   0.0 |       2 |       0 |   0.0
      Sewer |       0 |     206 | 100.0 |       0 |       7 | 100.0
            +---------+---------+-------+---------+---------+-------
